 Dungeon Crawl Stone Soup version 0.17-a0-1954-g0dddeaa (webtiles) character file.

70 Gorice the Magician (level 4, -3/34 HPs)
             Began as a Mummy Wanderer on Oct 3, 2015.
             Was an Initiate of Gozag.
             Slain by a gnoll
             ... wielding a cursed +0 whip
              (10 damage)
             ... on level 2 of the Dungeon.
             The game lasted 00:10:25 (2025 turns).

Gorice the Magician (Mummy Wanderer)                Turns: 2025, Time: 00:10:25

Health: -3/34      AC:  4    Str: 19    XL:     4   Next: 4%
Magic:  0/7        EV: 11    Int: 11    God:    Gozag
Gold:   64         SH:  0    Dex:  8    Spells: 1 memorised, 6 levels left

rFire  . . .     SeeInvis .     a - +0 quarterstaff
rCold  + + .     Clarity  .     g - +2 robe {rC+ rF+}
rNeg   + + +     SustAt   .     (no shield)
rPois  ∞         Gourm    .     (no helmet)
rElec  .         Spirit   .     (no cloak)
rCorr  .         Warding  .     (no gloves)
rMut   .         Stasis   .     (no boots)
MR     .....                    (no amulet)
Stlth  +.........               (no ring)
                                (no ring)

@: very slightly contaminated, not resistant to hostile enchantments, very
unstealthy
A: no food or potions, fire vulnerability, cold resistance 1, negative energy
resistance 3, torment resistance, unbreathing
a: Potion Petition, Call Merchant, Bribe Branch, Renounce Religion


You were on level 2 of the Dungeon.
You worshipped Gozag.
Gozag was noncommittal.
You were not hungry.

You visited 1 branch of the dungeon, and saw 3 of its levels.

You collected 91 gold pieces.
You paid 27 gold pieces to Gozag.

Inventory:

Hand weapons
 a - a +0 quarterstaff (weapon)
 d - a +0 war axe
 k - a +0 trident
 s - a +0 mace
Missiles
 e - 13 poisoned needles
 f - 21 sling bullets
 m - 6 tomahawks (quivered)
 Z - 88 stones
Armour
 g - a +2 robe of resistance (worn)
   (You found it on level 1 of the Dungeon)
Scrolls
 c - a scroll of teleportation {!r}
 h - a scroll of enchant weapon
 j - 2 scrolls of enchant armour
 l - a scroll of fear {!r}
 o - a scroll of recharging
 p - a scroll of magic mapping {unknown}
 q - a scroll of blinking {unknown}
 r - a scroll of identify
Books
 b - the Compendium of Curses

   Spells                             Type                      Level
   a - Corona                         Hexes                        1
   b - Summon Guardian Golem          Hexes/Summoning              3
 i - a book of Flames
 n - a book of the Earth


   Skills:
 + Level 2.3 Fighting
   Level 1.5 Crossbows
   Level 1.5 Shields
 + Level 2.4 Spellcasting
 + Level 1.2 Conjurations
 - Level 1.5 Fire Magic
   Level 1.5 Ice Magic


You had 6 spell levels left.
You knew the following spells:

 Your Spells              Type           Power        Failure   Level  Hunger
a - Flame Tongue          Conj/Fire      #....        21%         1    N/A

Dungeon Overview and Level Annotations

Branches:
Dungeon (3/15)

Altars:
Gozag
Nemelex Xobeh
Okawaru
Yredelemnul
The Shining One


Innate Abilities, Weirdness & Mutations

You do not eat or drink.
Your flesh is vulnerable to fire.
You are immune to poison.
Your flesh is cold resistant.
You are immune to negative energy.
You are immune to unholy pain and torment.
You can survive without breathing.


Message History

The gnoll hits you.
Damage: 5 (max 5)
Casting: Flame Tongue
Confirm with . or Enter, or press ? or * to list all spells.
Aiming: Flame Tongue
Press: ? - help, Shift-Dir - straight line, f/p - gnoll
Aim: a gnoll (lightly wounded)
The flame tongue hits the gnoll.
The gnoll is heavily wounded.
The gnoll hits you.
Casting: Flame Tongue
Confirm with . or Enter, or press ? or * to list all spells.
Aiming: Flame Tongue
Press: ? - help, Shift-Dir - straight line, f/p - gnoll
Aim: a gnoll (heavily wounded)
The flame tongue hits the gnoll.
The gnoll is almost dead.
The gnoll misses you.
Casting: Flame Tongue
Confirm with . or Enter, or press ? or * to list all spells.
Aiming: Flame Tongue
Press: ? - help, Shift-Dir - straight line, f/p - gnoll
Aim: a gnoll (almost dead)
You miscast Flame Tongue.
You are very lightly contaminated with residual magic.
You feel a strange surge of energy! The gnoll hits you.
Damage: 4 (max 5)
Casting: Flame Tongue
Confirm with . or Enter, or press ? or * to list all spells.
Aiming: Flame Tongue
Press: ? - help, Shift-Dir - straight line, f/p - gnoll
Aim: a gnoll (almost dead)
The flame tongue hits the gnoll.
You kill the gnoll!
You have reached level 4!
There is a stone staircase leading up here.
The gnoll hits you with a whip!
* * * LOW HITPOINT WARNING * * *
You climb upwards.
There is a stone staircase leading down here.
Damage: 12 (max 12)
Casting: Flame Tongue
Confirm with . or Enter, or press ? or * to list all spells.
Aiming: Flame Tongue
Press: ? - help, Shift-Dir - straight line, f - gnoll
Aim: a gnoll, wielding a whip The flame tongue hits the gnoll.
The gnoll appears unharmed.
The gnoll hits you with a whip!
You die...
Your body crumbles into a pile of gold.

##############
#............#
#............#
#............#
#............#
#............#
######.#.#########
#@g...............
#.####.#+######### #####
#.# #......# # #...# #.#
#......## # #.#.# #.#
#.......# #
#.#.###.####†......#
#.#..........#+###.#####
#.#.###.................
#.### ######.#####.#####


You could see a gnoll.

Vanquished Creatures
  A gnoll (D:3)
  2 adders
  An ooze (D:1)
  7 bats
  2 giant cockroaches (D:2)
  5 hobgoblins
  2 jackals (D:1)
  2 ball pythons
  A giant gecko (D:1)
  4 giant newts
  3 goblins
  4 kobolds
  2 rats
36 creatures vanquished.

Notes
Turn   | Place    | Note
--------------------------------------------------------------
     0 | D:1      | Gorice the Mummy Wanderer began the quest for the Orb.
     0 | D:1      | Gorice set off with: a book of Flames, the Compendium of Curses, a scroll of teleportation {!r}, a +0 robe, a +0 club, a !bad item (cl:100,ty:0,pl:0,pl2:0,sp:0,qu:0), a !bad item (cl:100,ty:0,pl:0,pl2:0,sp:0,qu:0), a !bad item (cl:100,ty:0,pl:0,pl2:0,sp:0,qu:0), a !bad item (cl:100,ty:0,pl:0,pl2:0,sp:0,qu:0), a !bad item (cl:100,ty:0,pl:0,pl2:0,sp:0,qu:0), a !bad item (cl:100,ty:0,pl:0,pl2:0,sp:0,qu:0), a !bad item (cl:100,ty:0,pl:0,pl2:0,sp:0,qu:0), a !bad item (cl:100,ty:0,pl:0,pl2:0,sp:0,qu:0), a !bad item (cl:100,ty:0,pl:0,pl2:0,sp:0,qu:0), a !bad item (cl:100,ty:0,pl:0,pl2:0,sp:0,qu:0), a !bad item (cl:100,ty:0,pl:0,pl2:0,sp:0,qu:0), a !bad item (cl:100,ty:0,pl:0,pl2:0,sp:0,qu:0), a !bad item (cl:100,ty:0,pl:0,pl2:0,sp:0,qu:0), a !bad item (cl:100,ty:0,pl:0,pl2:0,sp:0,qu:0), a !bad item (cl:100,ty:0,pl:0,pl2:0,sp:0,qu:0), a !bad item (cl:100,ty:0,pl:0,pl2:0,sp:0,qu:0), a !bad item (cl:100,ty:0,pl:0,pl2:0,sp:0,qu:0), a !bad item (cl:100,ty:0,pl:0,pl2:0,sp:0,qu:0), a !bad item (cl:100,ty:0,pl:0,pl2:0,sp:0,qu:0), a !bad item (cl:100,ty:0,pl:0,pl2:0,sp:0,qu:0), a !bad item (cl:100,ty:0,pl:0,pl2:0,sp:0,qu:0), a !bad item (cl:100,ty:0,pl:0,pl2:0,sp:0,qu:0), a !bad item (cl:100,ty:0,pl:0,pl2:0,sp:0,qu:0), a !bad item (cl:100,ty:0,pl:0,pl2:0,sp:0,qu:0), a !bad item (cl:100,ty:0,pl:0,pl2:0,sp:0,qu:0), a !bad item (cl:100,ty:0,pl:0,pl2:0,sp:0,qu:0), a !bad item (cl:100,ty:0,pl:0,pl2:0,sp:0,qu:0), a !bad item (cl:100,ty:0,pl:0,pl2:0,sp:0,qu:0), a !bad item (cl:100,ty:0,pl:0,pl2:0,sp:0,qu:0), a !bad item (cl:100,ty:0,pl:0,pl2:0,sp:0,qu:0), a !bad item (cl:100,ty:0,pl:0,pl2:0,sp:0,qu:0), a !bad item (cl:100,ty:0,pl:0,pl2:0,sp:0,qu:0), a !bad item (cl:100,ty:0,pl:0,pl2:0,sp:0,qu:0), a !bad item (cl:100,ty:0,pl:0,pl2:0,sp:0,qu:0), a !bad item (cl:100,ty:0,pl:0,pl2:0,sp:0,qu:0), a !bad item (cl:100,ty:0,pl:0,pl2:0,sp:0,qu:0), a !bad item (cl:100,ty:0,pl:0,pl2:0,sp:0,qu:0), a !bad item (cl:100,ty:0,pl:0,pl2:0,sp:0,qu:0), a !bad item (cl:100,ty:0,pl:0,pl2:0,sp:0,qu:0), a !bad item (cl:100,ty:0,pl:0,pl2:0,sp:0,qu:0), a !bad item (cl:100,ty:0,pl:0,pl2:0,sp:0,qu:0), a !bad item (cl:100,ty:0,pl:0,pl2:0,sp:0,qu:0), a !bad item (cl:100,ty:0,pl:0,pl2:0,sp:0,qu:0), a !bad item (cl:100,ty:0,pl:0,pl2:0,sp:0,qu:0), a !bad item (cl:100,ty:0,pl:0,pl2:0,sp:0,qu:0), a !bad item (cl:100,ty:0,pl:0,pl2:0,sp:0,qu:0), a !bad item (cl:100,ty:0,pl:0,pl2:0,sp:0,qu:0)
     0 | D:1      | Reached XP level 1. HP: 15/15 MP: 2/2
     0 | D:1      | Identified the Compendium of Curses
     2 | D:1      | Learned a level 1 spell: Flame Tongue
    35 | D:1      | --+2 robe of resistance before 1st monster!
   420 | D:1      | Reached XP level 2. HP: 19/22 MP: 1/4
  1041 | D:2      | Reached skill level 2 in Fighting
  1041 | D:2      | Reached skill level 2 in Spellcasting
  1041 | D:2      | Reached XP level 3. HP: 20/27 MP: 1/6
  1437 | D:2      | Reached skill level 1 in Conjurations
  1829 | D:3      | Found a basalt altar of Yredelemnul.
  1832 | D:3      | Found a sparkling altar of Nemelex Xobeh.
  1832 | D:3      | Found a glowing golden altar of the Shining One.
  1843 | D:3      | Found an iron altar of Okawaru.
  1849 | D:3      | Found an opulent altar of Gozag.
  1877 | D:3      | Became a worshipper of Gozag Ym Sagoz the Greedy
  2018 | D:3      | Reached XP level 4. HP: 19/34 MP: 0/7
  2023 | D:3      | HP: 6/34 [gnoll/whip (13)]
  2025 | D:2      | Slain by a gnoll

Vault maps used:
D:1:      dpeg_arrival_simpleton_a, hangedman_decor_diamond_cutter,
          minmay_misc_feat_tiny
D:3:      minmay_overflow_temple_star_hex, first_bread

Action                   |  1- 3 |  4- 6 || total
-------------------------+-------+-------++-------
Melee: Club              |    17 |       ||    17
       Mace              |    27 |       ||    27
       Quarterstaff      |     5 |       ||     5
Throw: Stone             |     9 |       ||     9
       Tomahawk          |     9 |       ||     9
 Cast: Flame Tongue      |    38 |     2 ||    40
  Use: Scroll            |     4 |       ||     4

Table legend:
 A = Turns spent in this place as a percentage of turns spent in the entire game.
 B = Non-inter-level travel turns spent in this place as a percentage of non-inter-level travel turns spent in the entire game.
 C = Inter-level travel turns spent in this place as a percentage of turns spent in this place.
 D = Turns resting spent in this place as a percentage of non-inter-level travel turns spent in this place.
 E = Turns spent auto-exploring this place as a percentage of non-inter-level travel turns spent in this place.
 F = Non-inter-level travel turns spent in this place divided by the number of levels of this place that you've seen.
                   A       B       C       D       E      F
               +-------+-------+-------+-------+-------+----------------------
         Total | 100.0 | 100.0 |   0.4 |   4.6 |   7.6 | 223.0
       Dungeon | 100.0 | 100.0 |   0.4 |   4.6 |   7.6 | 223.0
               +-------+-------+-------+-------+-------+----------------------

Vault maps used:
D:1:      dpeg_arrival_simpleton_a, hangedman_decor_diamond_cutter,
          minmay_misc_feat_tiny
D:3:      minmay_overflow_temple_star_hex, first_bread
